 Dungeon Crawl Stone Soup version 0.19-a0-1899-g2d93087 (webtiles) character file.

912 vev the Stinger (level 8, -7/73 HPs)
             Began as a Naga Venom Mage on Oct 19, 2016.
             Shot with an arrow by a centaur (16 damage)
             ... on level 5 of the Dungeon.
             The game lasted 00:19:22 (4480 turns).

vev the Stinger (Naga Venom Mage)                   Turns: 4480, Time: 00:19:22

Health: -7/73      AC:  4    Str: 10    XL:     8   Next: 9%
Magic:  0/14       EV: 11    Int: 15    God:
Gold:   58         SH:  0    Dex: 15    Spells: 3 memorised, 8 levels left

rFire  . . .     SeeInvis +     x - +0 rapier
rCold  . . .     Gourm    .     a - +0 robe
rNeg   . . .     Faith    .     (no shield)
rPois  +         Spirit   .     (no helmet)
rElec  .         Reflect  .     (no cloak)
rCorr  .         Harm     .     g - +0 pair of gloves (curse)
MR     +....                    (no barding)
Stlth  +++.......               (no amulet)
                                o - ring of flight (curse)
                                i - ring of wizardry

@: very slow
A: see invisible, deformed body, poison resistance, slowness 2, slow metabolism
1, spit poison 1, AC +2
a: Spit Poison, Evoke Flight


You were on level 5 of the Dungeon.
You were not hungry.

You visited 1 branch of the dungeon, and saw 5 of its levels.

You collected 202 gold pieces.
You spent 144 gold pieces at shops.

Inventory:

Hand Weapons
 d - a +0 whip
 t - a +1 flail of holy wrath
 x - a +0 rapier (weapon)
 B - a +0 hand axe
 G - a cursed -2 hunting sling
Armour
 a - a +0 robe (worn)
 g - a cursed +0 pair of gloves (worn)
Jewellery
 i - a ring of wizardry (left hand)
 o - a cursed ring of flight (right hand)
 w - an uncursed ring of protection from cold
Wands
 A - a wand of lightning (10/15)
 C - a wand of paralysis (11/24)
Scrolls
 e - 4 scrolls of identify {unknown}
 h - 3 scrolls of remove curse {unknown}
 j - 4 scrolls of magic mapping {unknown}
 k - 2 scrolls of random uselessness {unknown}
 n - 2 scrolls of noise {unknown}
 r - a scroll of teleportation {unknown}
 y - a scroll of recharging {unknown}
 z - a scroll of immolation {unknown}
 E - a scroll of fear {unknown}
Potions
 f - a potion of agility
 l - a potion of cure mutation {unknown}
 m - 3 potions of curing
 s - 2 potions of might {unknown}
 D - a potion of haste {unknown}
 F - 2 potions of heal wounds
Books
 b - a Young Poisoner's Handbook

   Spells                             Type                      Level
   a - Sting                          Conjuration/Poison           1
   b - Mephitic Cloud                 Conjuration/Poison/Air       3
   c - Olgreb's Toxic Radiance        Poison                       4
   d - Alistair's Intoxication        Transmutation/Poison         5
   e - Venom Bolt                     Conjuration/Poison           5
Comestibles
 c - 5 bread rations
 p - 2 meat rations
 q - 2 chunks of flesh
 u - a royal jelly


   Skills:
 + Level 4.8 Fighting
 * Level 3.1 Dodging
 - Level 4.9 Stealth
 + Level 4.5 Spellcasting
 - Level 7.5 Poison Magic


You had 8 spell levels left.
You knew the following spells:

 Your Spells              Type           Power        Failure   Level  Hunger
a - Sting                 Conj/Pois      ##..         1%          1    None
b - Mephitic Cloud        Conj/Pois/Air  ##......     9%          3    ###....
d - Olgreb's Toxic Radia  Pois           ####....     4%          4    ####...


Dungeon Overview and Level Annotations

Branches:
Dungeon (5/15)
 Temple: D:4-7

Altars:
Ashenzari
Cheibriados
Dithmenos
Nemelex Xobeh
Qazlal

Shops:
D:4 !**([


Innate Abilities, Weirdness & Mutations

You cannot wear boots.
Your serpentine skin is tough. (AC +2)
You have supernaturally acute eyesight. (SInv)
Armour fits poorly on your strangely shaped body.
Your system is resistant to poisons. (rPois)
You cover ground very slowly.
You have a slow metabolism.
You can spit poison.


Message History

Confirm with . or Enter, or press ? or * to list all spells.
Aiming: Sting
Press: ? - help, Shift-Dir - straight line, f/p - centaur
Aim: a centaur, wielding a shortbow (severely wounded, poisoned)
The sting hits the centaur.
The centaur appears unharmed.
The centaur is severely wounded.
The centaur shoots an arrow.
The arrow closely misses you.
Casting: Sting
Confirm with . or Enter, or press ? or * to list all spells.
Aiming: Sting
Press: ? - help, Shift-Dir - straight line, f/p - centaur
Aim: a centaur, wielding a shortbow (severely wounded, poisoned)
The sting hits the centaur.
The centaur appears unharmed.
The centaur is severely wounded.
The centaur shoots an arrow.
The arrow closely misses you.
The centaur shoots an arrow.
The arrow hits you!
The centaur shoots an arrow.
The arrow hits you!
* * * LOW HITPOINT WARNING * * *
The centaur shoots an arrow.
The arrow hits you!
You die...

##.......#...............
###.....#..###.#######..
#####....#...# ###..#..##
#### ##.....#
###..####..###.# #####.
#......##.## #.###......
..........####((..c[....
............#(..@.#####
................###
...######......## ...#
###...## ...# ##### .^.#
#..# #..# ...#


You could see a centaur.

Vanquished Creatures
  Sigmund (D:4)
  Edmund (D:4)
  A water moccasin (D:5)
  2 ogres
  A hound (D:5)
  An orc priest (D:3)
  An orc wizard (D:3)
  Natasha (D:2)
  2 worker ants (D:4)
  9 adders
  2 oozes (D:1)
  An adder skeleton (D:4)
  An adder zombie (D:5)
  2 worms
  2 dart slugs
  A leopard gecko (D:5)
  11 orcs (D:3)
  8 giant cockroaches
  4 goblins
  8 hobgoblins
  6 jackals
  A quokka (D:2)
  A ball python (D:3)
  9 bats
  3 frilled lizards
  4 kobolds
  A leopard gecko skeleton (D:5)
  8 rats
93 creatures vanquished.

Notes
Turn   | Place    | Note
-------+----------+-------------------------------------------
     0 | D:1      | vev the Naga Venom Mage began the quest for the Orb.
     0 | D:1      | Reached XP level 1. HP: 15/15 MP: 3/3
    93 | D:1      | Reached XP level 2. HP: 11/22 MP: 1/5
   751 | D:1      | Reached skill level 4 in Stealth
   751 | D:1      | Reached XP level 3. HP: 11/28 MP: 0/6
  1532 | D:2      | Reached skill level 6 in Poison Magic
  1702 | D:2      | Noticed Natasha
  1709 | D:2      | Killed Natasha
  1709 | D:2      | Reached XP level 4. HP: 27/36 MP: 2/8
  2118 | D:3      | Learned a level 4 spell: Olgreb's Toxic Radiance
  2140 | D:3      | Reached skill level 3 in Spellcasting
  2142 | D:3      | Reached XP level 5. HP: 39/43 MP: 3/9
  2260 | D:3      | Reached skill level 1 in Fighting
  2349 | D:3      | Found a shattered altar of Ashenzari.
  2568 | D:3      | Reached skill level 2 in Fighting
  2684 | D:3      | Found a shadowy altar of Dithmenos.
  2758 | D:3      | Found a faded altar of an unknown god.
  2758 | D:3      | Found a faded altar of an unknown god.
  2764 | D:3      | Found a shadowy altar of Dithmenos.
  2766 | D:3      | Found a faded altar of an unknown god.
  2767 | D:3      | Found a sparkling altar of Nemelex Xobeh.
  2843 | D:4      | Noticed Sigmund
  2854 | D:4      | Killed Sigmund
  2854 | D:4      | Reached skill level 3 in Fighting
  2854 | D:4      | Reached skill level 7 in Poison Magic
  2854 | D:4      | Reached XP level 6. HP: 39/56 MP: 1/11
  2938 | D:4      | Noticed Edmund
  2951 | D:4      | Killed Edmund
  2951 | D:4      | Reached XP level 7. HP: 50/63 MP: 0/12
  3022 | D:4      | Reached skill level 4 in Fighting
  3047 | D:4      | Found Kogiklumao's General Store.
  3064 | D:4      | Found Ekhyiku's General Store.
  3082 | D:4      | Found Atumn's Distillery.
  3133 | D:4      | Bought a potion of curing for 36 gold pieces
  3133 | D:4      | Bought a potion of curing for 36 gold pieces
  3133 | D:4      | Bought a potion of heal wounds for 60 gold pieces
  3133 | D:4      | Bought a potion of degeneration for 12 gold pieces
  3206 | D:4      | Learned a level 3 spell: Mephitic Cloud
  3277 | D:4      | Found Baxuash's Weapon Shoppe.
  3451 | D:4      | Found Sieqi's Armour Emporium.
  3560 | D:4      | Reached skill level 4 in Spellcasting
  3629 | D:4      | Reached skill level 2 in Dodging
  3769 | D:5      | Entered Level 5 of the Dungeon
  4256 | D:5      | Found a stormy altar of Qazlal.
  4296 | D:5      | Reached skill level 3 in Dodging
  4296 | D:5      | Reached XP level 8. HP: 66/73 MP: 2/14
  4338 | D:5      | Found a snail-covered altar of Cheibriados.
  4480 | D:5      | Shot with an arrow by a centaur

Vault maps used:
D:1:      shiori_shiawase, chequers_big_river, minmay_nonomino_d4
D:2:      uniq_natasha
D:3:      chequers_temple_overflow_minitemple, nicolae_ashenzari_panopticon,
          grunt_dithmenos_smoke_and_mirrors
D:4:      first_bread, serial_shops, nicolae_shop_behind_doors, shop, shop,
          nicolae_shop_waterfront, nicolae_shop_waterfront,
          sigmund_edmund_badplayer
D:5:      cheibriados_altar_1, marbit_many_paths, hangedman_decor_points,
          nicolae_ru_great_annihilating_truth

Skill      XL: |  1  2  3  4  5  6  7 |
---------------+----------------------+-----
Stealth        | 4 |  4.9
Poison Magic   | 6 7 |  7.5
Spellcasting   | 3 4 |  4.5
Fighting       | 3 4 |  4.8
Dodging        | 3 |  3.1

Action                   |  1- 3 |  4- 6 |  7- 9 || total
-------------------------+-------+-------+-------++-------
Melee: Whip              |    60 |       |       ||    60
       Rapier            |       |    62 |    57 ||   119
 Cast: Sting             |    52 |    40 |    32 ||   124
       Olgreb's Toxic Ra |       |    12 |     8 ||    20
  Use: Potion            |       |       |     5 ||     5
 Stab: Sleeping          |     1 |     4 |     3 ||     8
       Distracted        |       |       |     1 ||     1
  Eat: Chunk             |     2 |     6 |     6 ||    14
Armor: Robe              |    28 |     9 |    12 ||    49
Dodge: Dodged            |    60 |    36 |    58 ||   154
